Map: 프리온 단구

Players

Scytherino - Winner!

  • Race: Terran Terran
  • League: Grandmaster

SoulKey

  • Race: Zerg Zerg

Event: Gauntlet LotV Series 1 Qualifier 2

VOD

Have the link to the VOD?

Description

Time

  • Played on: Dec. 5, 2015, 1:58 p.m.
  • Length: 11:07

All games in this series

Show
View Real Time Build Order
Export as new Build Order

Scytherino Terran - Winner!

Build Orders: Bio Tank, MMM Bio 

Get SALT Encoding   

  12  0:00  SCV  
  13  0:13  SCV  
  14  0:17  Supply Depot  
  14  0:25  SCV  
  15  0:39  SCV  
  15  0:40  Barracks  
  16  0:46  Refinery  
  16  0:51  SCV  
  17  1:03  SCV  
  18  1:15  SCV  
  19  1:28  Orbital Command  
  19  1:29  Barracks Reactor  
  19  1:47  Command Center  
  19  1:54  SCV  
  20  2:03  Supply Depot  
  20  2:05  Reaper  
  20  2:06  SCV  
  20  2:07  Reaper  
  23  2:19  Barracks  
  23  2:25  SCV, Barracks  
  25  2:37  SCV  
  25  2:38  Refinery  
  25  2:43  Reaper x2  
  27  2:49  SCV  
  28  2:54  Supply Depot  
  28  2:59  Orbital Command  
  28  3:01  SCV  
  29  3:15  SCV  
  29  3:27  SCV  
  29  3:28  SCV  
  29  3:31  Barracks Tech Lab  
  30  3:38  Reaper x2  
  30  3:39  SCV  
  30  3:40  SCV  
  34  3:44  Bunker  
  34  3:45  Marine  
  35  3:50  Marine  
  35  3:51  SCV  
  35  3:53  SCV  
  38  4:02  Stimpack  
  38  4:03  SCV, Marine  
  38  4:07  Marine  
  40  4:12  SCV  
  40  4:14  Bunker  
  40  4:15  SCV  
  42  4:22  Marine x2  
  42  4:24  SCV  
  45  4:27  Factory  
  45  4:29  Marine  
  45  4:31  SCV  
  47  4:36  SCV, Marine  
  49  4:42  Marine x2  
  49  4:43  SCV  
  52  4:48  SCV  
  53  4:53  Marine  
  53  4:56  Supply Depot  
  53  4:57  Factory  
  54  5:17  Factory Tech Lab, SCV x2, Marine x4  
  54  5:18  Starport  
  54  5:20  Engineering Bay  
  60  5:24  Supply Depot  
  60  5:30  SCV x2  
  62  5:40  Siege Tank, Marine x3  
  62  5:42  SCV x2  
  70  5:47  Marine  
  70  5:48  Terran Infantry Weapons Level 1  
  71  5:51  Command Center  
  71  5:54  SCV x2  
  73  5:58  Marine  
  73  5:59  Marine x2  
  73  6:01  Medivac  
  73  6:03  Supply Depot  
  78  6:09  SCV  
  75  6:16  Marine x2  
  75  6:17  Marauder, Marine  
  75  6:19  SCV  
  75  6:21  SCV  
  74  6:31  Refinery x2, Medivac  
  73  6:32  Supply Depot  
  73  6:34  Marine x3  
  73  6:35  SCV x2  
  78  6:43  Siege Tank  
  78  6:45  Combat Shields, Marine  
  82  6:47  SCV  
  82  6:51  SCV, Marine x2  
  82  6:54  Marine  
  86  7:00  Bunker  
  82  7:15  Marine  
  82  7:16  Marine  
  79  7:28  Marine x2  
  79  7:29  SCV  
  80  7:33  Marine  
  80  7:34  Barracks x2  
  80  7:36  SCV  
  82  7:37  Starport Reactor  
  82  7:38  Siege Tank, Barracks  
  82  7:39  Marine  
  82  7:41  SCV  
  82  7:43  Terran Infantry Armor Level 1  
  87  7:46  Marine  
  87  7:48  SCV  
  87  7:50  Orbital Command  
  90  7:54  SCV, Barracks Reactor  
  90  7:55  Marine  
  91  8:00  Supply Depot, SCV  
  91  8:01  Marine  
  91  8:04  Marauder  
  95  8:05  Engineering Bay  
  95  8:06  SCV  
  95  8:12  SCV  
  97  8:14  Armory  
  97  8:16  Medivac  
  97  8:17  Medivac  
  101  8:24  Marine x2  
  101  8:26  Barracks Reactor, Marauder  
  101  8:27  Barracks Reactor, Barracks Tech Lab  
  105  8:30  Barracks  
  105  8:31  Siege Tank  
  105  8:32  Barracks  
  108  8:38  Marine x2  
  110  8:47  Marine, Medivac x2  
  110  8:48  Marine x2  
  116  8:54  Supply Depot x2, Marauder  
  119  8:57  Supply Depot  
  119  8:59  Supply Depot x2, Marine  
  120  9:03  Siege Tank  
  120  9:07  Marauder, Marine x5  
  130  9:11  Supply Depot  
  130  9:12  Refinery  
  130  9:13  Refinery  
  130  9:16  Marauder  
  132  9:17  Medivac  
  130  9:37  Barracks Reactor, Marauder, Marine x4  
  130  9:38  Barracks Reactor, Marauder  
  128  9:40  Marine x3  
  128  9:41  Marine  
  135  9:47  Medivac  
  137  9:54  Marine x2  
  137  9:55  Marine  
  137  9:58  Marauder, Marine x2  
  137  9:59  Marauder  
  141  10:02  Marine x2  
  141  10:03  Marine  
  141  10:04  Missile Turret  
  144  10:12  Marine x2  
  144  10:13  Medivac  
  148  10:17  Medivac  
  148  10:19  Marine x2  
  148  10:20  Marine, Marauder x2  
  157  10:35  SCV x3  
  152  10:47  Marine x2  
  152  10:49  Marine x2  
  138  10:51  SCV x2  
Show
View Real Time Build Order
Export as new Build Order

SoulKey Zerg 

Build Orders: Hatch First 

Get SALT Encoding   

  12  0:01  Drone  
  13  0:12  Overlord  
  13  0:18  Drone  
  14  0:31  Drone x2  
  14  0:35  Drone  
  17  0:53  Hatchery  
  17  0:54  Drone  
  18  0:57  Drone  
  18  1:09  Extractor  
  17  1:12  Spawning Pool  
  17  1:16  Drone  
  17  1:19  Drone  
  18  1:28  Drone  
  19  1:40  Overlord  
  19  2:01  Queen  
  19  2:02  Zergling x4  
  19  2:06  Queen  
  25  2:09  Drone  
  25  2:11  Metabolic Boost  
  26  2:19  Drone x2  
  28  2:29  Drone x2  
  30  2:37  Queen  
  30  2:42  Overlord, Queen  
  34  2:44  Overlord  
  34  2:50  Drone x2  
  36  3:04  Zergling x2  
  36  3:05  Zergling x2  
  37  3:15  Drone  
  37  3:17  Overlord  
  37  3:21  Drone x2  
  37  3:22  Drone x4  
  37  3:26  Queen  
  44  3:38  Extractor  
  44  3:40  Roach Warren  
  42  3:43  Drone  
  42  3:44  Drone, Zergling x4  
  46  3:50  Overlord, Zergling x4  
  46  3:52  Zergling x2  
  48  4:11  Drone x3  
  48  4:13  Overlord  
  50  4:27  Roach x2  
  50  4:28  Hatchery, Roach x3  
  59  4:31  Roach  
  59  4:34  Roach  
  63  4:42  Roach  
  63  4:43  Roach  
  67  4:46  Overlord  
  67  4:54  Ravager  
  67  4:55  Ravager  
  67  4:56  Zergling x12  
  75  5:16  Zergling x2  
  75  5:17  Zergling x6  
  79  5:27  Ravager x2  
  81  5:28  Overlord  
  81  5:32  Drone  
  81  5:33  Drone x2  
  81  5:35  Overlord  
  83  5:48  Ravager x2  
  83  5:49  Drone x5  
  89  6:01  Zergling x6  
  89  6:02  Zergling x2  
  92  6:07  Zergling x2  
  92  6:08  Zergling x12  
  91  6:17  Drone  
  91  6:18  Lair  
  76  6:20  Extractor  
  76  6:22  Extractor  
  76  6:24  Drone x3  
  71  6:30  Drone  
  71  6:31  Drone  
  67  6:36  Roach  
  65  6:41  Extractor  
  65  6:46  Roach x2  
  72  6:47  Evolution Chamber, Roach x2  
  72  6:48  Evolution Chamber, Drone x5  
  72  6:53  Hatchery  
  74  6:55  Roach x2  
  74  6:56  Drone  
  74  7:00  Extractor  
  78  7:06  Roach x2  
  81  7:12  Zergling x2  
  72  7:16  Zergling x2  
  72  7:17  Zergling x2  
  72  7:18  Zergling x2  
  72  7:19  Zergling x4  
  72  7:21  Zergling x2  
  72  7:22  Zergling x4  
  76  7:28  Zerg Missile Weapons Level 1  
  76  7:29  Zerg Ground Armor Level 1, Glial Reconstitution  
  76  7:32  Drone x2  
  76  7:34  Drone x3  
  81  7:37  Spire  
  80  7:49  Hatchery  
  79  8:01  Drone x4  
  79  8:02  Drone x3  
  86  8:05  Overlord  
  86  8:07  Drone x2  
  87  8:13  Roach x2  
  87  8:14  Roach x2  
  95  8:25  Roach x2  
  95  8:26  Roach  
  101  8:27  Overlord  
  101  8:29  Zergling x8  
  101  8:33  Extractor  
  104  8:35  Extractor  
  104  8:40  Drone x3  
  106  8:42  Overlord  
  106  8:45  Ravager  
  107  8:48  Mutalisk x3  
  107  8:49  Mutalisk  
  107  8:53  Roach x2  
  107  8:54  Mutalisk  
  121  8:56  Overlord  
  120  9:06  Drone x3  
  120  9:07  Drone x2  
  125  9:12  Drone  
  125  9:14  Baneling Nest  
  125  9:17  Ravager x2  
  125  9:20  Zergling x14  
  124  9:31  Mutalisk  
  124  9:32  Mutalisk x4  
  130  9:40  Drone x2  
  130  9:44  Zergling x12  
  130  9:45  Zergling x2  
  139  10:07  Baneling x2  
  139  10:10  Mutalisk  
  141  10:14  Zergling x6  
  141  10:15  Overlord  
  141  10:16  Overlord  
  141  10:17  Overlord  
  144  10:28  Overlord, Baneling x6  
  144  10:31  Baneling x2  
  144  10:32  Baneling  
  135  10:37  Zergling x2  
  135  10:38  Zergling x28  
  135  10:42  Baneling x3  
Tags
 
Add a new tag
Caveats
  • Supply blocks, unpowered buildings, or Contaminate may cause inaccurate times.
  • Supply counts are checked every 10 seconds.